 Dungeon Sprint DCSS version 0.28.0-53-g5a82cb258f (webtiles) character file.

Game seed: 12448363230677038821

2522 Zeld the Warrior (level 9, -1/97 HPs)
             Began as a Minotaur Berserker on June 4, 2022.
             Was an Elder of Trog.
             Slain by an unseen horror (6 damage)
             ... in the Dungeon (Sprint III: "The Ten Rune Challenge") on June 5, 2022.
             The game lasted 00:01:34 (1664 turns).

Zeld the Warrior (Minotaur Berserker)               Turns: 1664, Time: 00:01:34

Health: -1/97      AC:  2    Str: 27    XL:     9   Next: 29%
Magic:  8/8        EV: 14    Int:  4    God:    Trog [****..]
Gold:   22         SH:  0    Dex:  9    Spells: 8/8 levels left

rFire   . . .      SeeInvis .   a - +0 hand axe
rCold   . . .      Faith    .   (no shield)
rNeg    . . .      Spirit   .   b - +0 animal skin
rPois   .          Reflect  .   (helmet restricted)
rElec   .          Harm     .   (no cloak)
rCorr   .          Rampage  .   (no gloves)
Will    .....      NoTele   +   (no boots)
Stlth   +.........              (no amulet)
HPRegen 0.26/turn               (no ring)
MPRegen 0.11/turn               (no ring)

@: on berserk cooldown, slowed, very slow
A: horns 2, retaliatory headbutt
a: Renounce Religion, Berserk, Trog's Hand, Brothers in Arms


You were in the Dungeon.
You worshipped Trog.
Trog was greatly pleased with you.
You visited 1 branch You collected 22 gold pieces.

Inventory:

Hand Weapons
 a - a +0 hand axe (weapon)
Armour
 b - a +0 animal skin (worn)
Wands
 o - a wand of iceblast (6)
Scrolls
 h - a scroll of blinking
 k - 2 scrolls of torment {unknown}
 l - 3 scrolls of identify
 n - a scroll of holy word {unknown}
Potions
 c - 2 potions of curing
 d - 2 potions of heal wounds
 e - a potion of haste
 f - 2 potions of magic
 g - a potion of berserk rage
 i - 2 potions of attraction {unknown}
 j - 4 potions of mutation {unknown}
 m - 2 potions of flight
Miscellaneous
 p - a piece from Xom's chessboard (15/15)


   Skills:
 * Level 15.1 Fighting
 * Level 15.0 Axes
 + Level 10.9 Armour
 + Level 10.0 Dodging


You had 8 spell levels left.
You didn't know any spells.
Your spell library was empty.

Dungeon Overview and Level Annotations

Branches:
Dungeon (1/1)

Altars:
Cheibriados
Dithmenos
Elyvilon
Fedhas
Gozag
Hepliaklqana
Kikubaaqudgha
Makhleb
Nemelex Xobeh
Okawaru
Qazlal
Ru
Sif Muna
Trog
Uskayaw
Vehumet
Wu Jian
Xom
Yredelemnul
Zin
The Shining One
Beogh
Jiyva
Lugonu


Innate Abilities, Weirdness & Mutations

You have a pair of horns on your head.
You reflexively headbutt those who attack you in melee.


Message History

You open the door.
There is an open door here.
Your ogre goes berserk!
Something hits you!
Deactivating autopickup; reactivate with Ctrl-A.
Something hits you! Something hits you. Something hits you. Something hits you!
Something hits you. x2
You barely miss something. Something hits you. x2
You hit something. You closely miss something. Something hits you!
A red film seems to cover your vision as you go berserk!
You feel yourself moving faster!
You feel mighty! Trog will no longer gift you weapons.
Something hits your ogre!
You swing at nothing.
You feel a strong urge to attack something.
You swing at nothing.
Something barely misses your ogre.
You hit something. Something hits you!
* * * LOW HITPOINT WARNING * * *
You barely miss something. You headbutt something! Something hits you.
* * * LOW HITPOINT WARNING * * *
You hit something. Something hits you!
* * * LOW HITPOINT WARNING * * *
Your ogre rages.
You closely miss something. Something hits you!
* * * LOW HITPOINT WARNING * * *
You swing at nothing.
You swing at nothing.
You feel a strong urge to attack something.
You swing at nothing.
You are no longer berserk.
You are exhausted.
You feel yourself slow down. Something hits your ogre!
You swap places.
Something hits you.
* * * LOW HITPOINT WARNING * * *
Something hits you.
You die...

+#####################
..≈≈≈'.#.)...'.#.#.#.+
.#§§§#.#.#.).##.#.#.##
.#)§.#.#.#)..#.#.#.#.#
.#...#...#...##.#.#.##
▓▓▓▓▓▓▓▓▓▓▓▓▓#.#.#.#.#
##{#.#.# +.#@#.#.#
##O#.#.## #+#####


You could see a friendly ogre (summoned, berserk).

Vanquished Creatures
  Erica (D)
  A centaur warrior (D)
  A deep elf pyromancer (D)
  A shadow (D)
  A spatial vortex (D)
  A necrophage (D)
  2 centaurs (D)
  An earth elemental (D)
  A water elemental (D)
  A jelly (D)
  Jessica (D)
  A wizard (D)
  A necromancer (D)
  3 humans (D)
  A kobold demonologist (D)
  A phantom (D)
  3 rats (D)
22 creatures vanquished.

Notes
Turn   | Place    | Note
-------+----------+-------------------------------------------
     0 | D        | Zeld the Minotaur Berserker began the quest for the Orb.
     0 | D        | Reached XP level 1. HP: 19/19 MP: 0/0
    24 | D        | Noticed Jessica
    28 | D        | Killed Jessica
    28 | D        | Reached ** piety under Trog
    29 | D        | Reached skill level 5 in Fighting
    29 | D        | Reached skill level 5 in Axes
    29 | D        | Reached XP level 2. HP: 29/29 MP: 1/1
   121 | D        | Reached XP level 3. HP: 36/36 MP: 2/2
   123 | D        | Reached *** piety under Trog
   362 | D        | Noticed a water elemental
   366 | D        | Killed a water elemental
   367 | D        | Reached skill level 5 in Armour
   367 | D        | Reached XP level 4. HP: 47/47 MP: 3/3
   405 | D        | Found a radiant altar of Vehumet.
   405 | D        | Found a shimmering blue altar of Sif Muna.
   405 | D        | Found an ancient bone altar of Kikubaaqudgha.
   405 | D        | Noticed a wizard
   408 | D        | Killed a wizard
   409 | D        | Reached **** piety under Trog
   410 | D        | Reached skill level 5 in Dodging
   410 | D        | Reached XP level 5. HP: 52/53 MP: 4/4
   473 | D        | Found a glowing silver altar of Zin.
   473 | D        | Found a glowing golden altar of the Shining One.
   473 | D        | Found a white marble altar of Elyvilon.
   474 | D        | Noticed a deep elf pyromancer
   475 | D        | Noticed a fire elemental
   480 | D        | Noticed a fire elemental
   480 | D        | Noticed a fire elemental
   486 | D        | Killed a deep elf pyromancer
   487 | D        | Reached skill level 10 in Fighting
   487 | D        | Reached skill level 10 in Axes
   487 | D        | Reached XP level 6. HP: 18/67 MP: 5/5
   792 | D        | Found a hide-covered altar of Uskayaw.
   792 | D        | Found an iron altar of Okawaru.
   792 | D        | Found a bloodstained altar of Trog.
   792 | D        | Found an ornate altar of the Wu Jian Council.
   792 | D        | Noticed a human
   793 | D        | Noticed a human
   798 | D        | Killed a human
   799 | D        | Reached XP level 7. HP: 74/74 MP: 6/6
   801 | D        | Killed a human
   879 | D        | Found a basalt altar of Yredelemnul.
   879 | D        | Found a shadowy altar of Dithmenos.
   879 | D        | Found a sacrificial altar of Ru.
   887 | D        | Reached ***** piety under Trog
   978 | D        | Noticed a shadow
   983 | D        | Killed a shadow
   983 | D        | Received a gift from Trog
  1023 | D        | Found a blossoming altar of Fedhas.
  1023 | D        | Found a stormy altar of Qazlal.
  1023 | D        | Found a snail-covered altar of Cheibriados.
  1023 | D        | Found a burning altar of Makhleb.
  1023 | D        | Found a shimmering altar of Xom.
  1023 | D        | Noticed a spatial vortex
  1024 | D        | Found a hazy altar of Hepliaklqana.
  1024 | D        | Found an opulent altar of Gozag.
  1024 | D        | Found a sparkling altar of Nemelex Xobeh.
  1024 | D        | Found a corrupted altar of Lugonu.
  1024 | D        | Found a viscous altar of Jiyva.
  1045 | D        | Killed a spatial vortex
  1046 | D        | Reached XP level 8. HP: 48/85 MP: 7/7
  1204 | D        | Noticed Erica
  1226 | D        | Killed Erica
  1227 | D        | Reached skill level 10 in Armour
  1511 | D        | Noticed a centaur warrior
  1518 | D        | Killed a centaur warrior
  1519 | D        | Reached skill level 15 in Fighting
  1519 | D        | Reached XP level 9. HP: 97/97 MP: 8/8
  1522 | D        | Reached skill level 15 in Axes
  1522 | D        | Reached skill level 10 in Dodging
  1664 | D        | Slain by an unseen horror

Illustrated notes

Levels and vault maps discovered:
D:        dungeon_sprint_mu [sprint_mu_entry_cave, sprint_mu_temple_rooms,
          sprint_mu_d1_horrors, sprint_mu_d2_genie, sprint_mu_d3_branching,
          sprint_mu_orc_legion, sprint_mu_elf_gauntlet, sprint_mu_hive_nellie,
          sprint_mu_lair_fedhas, sprint_mu_vaults_butterflies,
          sprint_mu_slime_circle, sprint_mu_shoals_archi,
          sprint_mu_snake_twists, sprint_mu_blade_basic,
          sprint_mu_crypt_chambers, sprint_mu_tomb_spiral,
          sprint_mu_vestibule_basic, sprint_mu_gehenna_hellfire,
          sprint_mu_dis_giant, sprint_mu_tartarus_statrot,
          sprint_mu_cocytus_islands, sprint_mu_zot1]

Skill      XL: |  1  2  3  4  5  6  7  8  9 |
---------------+----------------------------+-----
Fighting       | 5 7 8 10 11 12 15 | 15.1
Axes           | 5 7 10 11 12 14 15 | 15.0
Armour         | 3 5 7 8 9 10 | 10.9
Dodging        | 3 4 5 6 7 8 9 10 | 10.0

Action                   |  1- 3 |  4- 6 |  7- 9 || total
-------------------------+-------+-------+-------++-------
Melee: Hand axe          |    13 |    18 |    63 ||    94
       Headbutt          |     1 |     2 |    12 ||    15
Invok: Berserk           |     3 |     2 |     6 ||    11
       Brothers in Arms  |       |       |     1 ||     1
Armor: Animal skin       |     1 |     5 |     5 ||    11
Dodge: Dodged            |     7 |    11 |    19 ||    37
